 Dungeon Crawl Stone Soup version 0.29-a0-892-g2c4c91d9db (webtiles) character file.

Game seed: 16826924112989850789

1157 wingedge the Caller (level 8, -2/57 HPs)
             Began as a Human Wanderer on July 22, 2022.
             Was a Follower of Sif Muna.
             Slain by an orc warrior
             ... wielding a +0 long sword
              (9 damage)
             ... on level 6 of the Dungeon.
             The game lasted 00:28:22 (6300 turns).

wingedge the Caller (Human Wanderer)                Turns: 6300, Time: 00:28:22

Health: -2/57      AC:  4    Str:  9      XL:     8   Next: 66%
Magic:  10/12      EV: 12    Int: 22      God:    Sif Muna [*.....]
Gold:   114        SH:  4    Dex: 10 (11) Spells: 4/13 levels left

rFire   + . .      SeeInvis .   B - +1 hand axe (elec)
rCold   + . .      Faith    .   d - +0 buckler
rNeg    . . .      Spirit   .   y - +0 animal skin
rPois   .          Reflect  .   x - +0 helmet
rElec   .          Harm     .   t - +0 cloak
rCorr   .          Rampage  .   (no gloves)
Will    .....                   (no boots)
Stlth   +.........              i - amulet of regeneration
HPRegen 0.99/turn               z - ring of protection from cold
MPRegen 0.13/turn               s - ring of protection from fire

@: unable to drink, very slow
A: clever 1, inability to drink while threatened 1
a: Renounce Religion, Channel Magic


You were on level 6 of the Dungeon.
You worshipped Sif Muna.
Sif Muna was aware of your devotion.
You visited 1 branch of the dungeon, and saw 6 of its levels.

You collected 214 gold pieces.
You spent 100 gold pieces at shops.

Inventory:

Hand Weapons
 a - a +0 dagger
 g - a +0 rapier
 v - a +1 dagger of venom
 w - a +5 club
 B - a +1 hand axe of electrocution (weapon)
Armour
 c - a +0 robe
 d - a +0 buckler (worn)
 k - a +0 leather armour
 t - a +0 cloak (worn)
 x - a +0 helmet (worn)
 y - a +0 animal skin (worn)
Jewellery
 i - an amulet of regeneration (around neck)
 o - a ring of willpower
 s - a ring of protection from fire (right hand)
 z - a ring of protection from cold (left hand)
Wands
 D - a wand of flame (18)
 H - a wand of mindburst (12)
Scrolls
 e - a scroll of immolation {unknown}
 f - 4 scrolls of teleportation
 l - a scroll of enchant weapon {unknown}
 q - 2 scrolls of enchant armour {unknown}
 r - a scroll of fog {unknown}
 A - a scroll of summoning {unknown}
 E - a scroll of vulnerability {unknown}
 G - a scroll of identify
Potions
 b - a potion of attraction
 h - a potion of ambrosia {unknown}
 j - a potion of berserk rage {unknown}
 m - a potion of haste {unknown}
 n - 2 potions of resistance
 p - 3 potions of flight
 u - a potion of heal wounds {unknown}
 C - 2 potions of curing {unknown}
 F - a potion of might {unknown}


   Skills:
 + Level 2.7 Fighting
 * Level 2.9(3.2) Axes
 - Level 1.6(2.5) Maces & Flails
 - Level 1.0 Armour
 + Level 2.7 Dodging
 - Level 2.0 Shields
 + Level 3.2 Spellcasting
 + Level 3.4 Hexes
 * Level 6.4 Summonings
 + Level 1.2 Necromancy
 * Level 2.2 Ice Magic
 + Level 2.1 Invocations


You had 4 spell levels left.
You knew the following spells:

 Your Spells              Type           Power      Damage    Failure   Level
a - Summon Small Mammal   Summ           100%       N/A       1%          1
b - Call Imp              Summ           31%        N/A       1%          2
c - Summon Guardian Gole  Hex/Summ       25%        N/A       6%          3
d - Ozocubu's Armour      Ice            13%        N/A       19%         3

Your spell library contained the following spells:

 Spells                   Type           Power      Damage    Failure   Level
 Slow                     Hex            72%        N/A       3%          1
 Static Discharge         Conj/Air       3%         3-4/arc   24%         2
 Portal Projectile        Hex/Tloc       22%        N/A       24%         3
 Passage of Golubria      Tloc           3%         N/A       85%         4
 Metabolic Englaciation   Hex/Ice        8%         N/A       80%         5
 Silence                  Hex/Air        5%         N/A       91%         5
 Lightning Bolt           Conj/Air       1%         1d12      99%         5
 Simulacrum               Ice/Necr       5%         N/A       100%        6
 Lehudib's Crystal Spear  Conj/Erth      1%         10d2      100%        8
 Maxwell's Capacitive Co  Air            1%         ∞         100%        8


Dungeon Overview and Level Annotations

Branches:
Dungeon (6/15)
 Temple: D:4-7

Altars:
Dithmenos
Qazlal
Sif Muna
Vehumet

Shops:
D:1 :   D:3 *   D:5 (


Innate Abilities, Weirdness & Mutations

Your mind is acute. (Int +4, Str/Dex -1)
You occasionally lose the ability to drink potions when taking damage.


Message History

The orc warrior is heavily wounded.
You hear a shout!
You block the orc warrior's attack.
You closely miss the orc warrior.
The orc warrior is heavily wounded.
The orc warrior hits you with a +0 long sword!
You closely miss the orc warrior.
The orc warrior is heavily wounded.
The orc warrior splashes around in the water.
An orc comes into view. It is wielding a +0 quarterstaff.
You hit the orc warrior but do no damage.
The orc warrior is heavily wounded.
You hit the orc.
The orc warrior hits you with a +0 long sword!
The orc closely misses you.
Casting: Summon Guardian Golem (dangerous; 6% risk of failure)
Confirm with . or Enter, or press ? or * to list all spells.
A guardian golem appears, shielding your allies.
The orc warrior hits you with a +0 long sword!
You feel threatened and lose the ability to drink potions!
* * * LOW HITPOINT WARNING * * *
The orc hits you with a +2 falchion of holy wrath.
* * * LOW HITPOINT WARNING * * *
You cannot drink potions in your current state!
Okay, then.
Aiming: Mindburst
Press: ? - help, Shift-Dir - straight line, f - orc warrior
Aim: an orc warrior, wielding a +0 long sword and wearing a +0 plate armour (heavily wounded, ally target, chance to affect: 64%)
The orc warrior struggles to resist.
You block the orc's attack.
The orc warrior splashes around in the water.
You enter the shallow water.
Moving in this stuff is going to be slow.
The orc warrior hits your guardian golem but does no damage.
The orc hits your guardian golem but does no damage.
You swap places.
You block the orc's attack.
The orc warrior hits you but does no damage.
You swap places.
The orc hits your guardian golem but does no damage.
The orc warrior hits you with a +0 long sword!
You die...

#####
##...###########
##§###.#.........
#.##
##..#######.#?.
##.# #........>...?
#..##
##...o♣.###.#..
#.#.###..≈@o..#
#.##...#.≈≈9.≈#
#.######..≈o≈♣# #.#
#.≈≈≈..# #.#
#♣P....#
####.#######..####
####..............
........######..###
####.#### #..


You could see an orc warrior (ally target), 2 orcs and a friendly guardian golem
(summoned).

Vanquished Creatures
  A scorpion (D:3)
  A howler monkey (D:4)
  2 quasits (D:6)
  An orc priest (D:5)
  A hound (D:4)
  3 iguanas
  An orc wizard (D:5)
  2 ufetubi
  2 dart slugs
  3 orcs (D:5)
  A ball python (D:4)
  2 bats (D:3)
  An endoplasm (D:1)
  4 goblins (D:3)
  A hobgoblin (D:1)
  4 kobolds
  3 quokkas (D:5)
  3 frilled lizards
  2 rats
38 creatures vanquished.

Vanquished Creatures (collateral kills)
  3 hounds
  2 iguanas
  Robin (D:3)
  3 adders
  A white imp (D:6)
  3 worms
  A dart slug (D:2)
  4 ball pythons
  4 endoplasms
  2 giant cockroaches (D:3)
  11 goblins
  6 hobgoblins
  5 kobolds
  A quokka (D:2)
  A bat (D:2)
  3 frilled lizards
  2 rats
53 creatures vanquished.

Vanquished Creatures (others)
  Duvessa (D:5)
  A black bear (D:4)
  An ice beast (D:5)
  A centaur (D:5)
  A kobold brigand (D:5)
  Dowan (D:5)
  A jelly (D:5)
  An iguana (D:5)
  An orc (D:5)
  2 kobolds (D:5)
  3 demonic plants (D:6)
14 creatures vanquished.

Grand Total: 105 creatures vanquished

Notes
Turn   | Place    | Note
-------+----------+-------------------------------------------
     0 | D:1      | wingedge the Human Wanderer began the quest for the Orb.
     0 | D:1      | wingedge set off with the following items: a +0 dagger, a
                  | scroll of fear, a +0 robe, a +0 buckler; and the following
                  | spells available to memorise: Summon Small Mammal, Call
                  | Imp, Slow, Summon Guardian Golem, Portal Projectile.
     0 | D:1      | Reached XP level 1. HP: 13/13 MP: 2/2
     2 | D:1      | Learned a level 1 spell: Summon Small Mammal
    19 | D:1      | Found Doocuy's Vocational Training.
   160 | D:1      | Reached XP level 2. HP: 18/19 MP: 1/3
   505 | D:1      | Learned a level 2 spell: Call Imp
   853 | D:2      | Found a shimmering blue altar of Sif Muna.
   897 | D:2      | Reached XP level 3. HP: 18/24 MP: 0/5
  1665 | D:2      | Became a worshipper of Sif Muna the Loreminder
  1962 | D:3      | Reached XP level 4. HP: 30/30 MP: 1/6
  1962 | D:3      | Found a faded altar of an unknown god.
  1974 | D:3      | Noticed a scorpion
  2216 | D:3      | Noticed Robin
  2232 | D:3      | Killed Robin
  2233 | D:3      | Reached skill level 5 in Summonings
  2258 | D:3      | Gained mutation: You occasionally lose the ability to drink
                  | potions when taking damage. [potion of mutation]
  2258 | D:3      | Gained mutation: You have sharp toenails. [potion of
                  | mutation]
  2267 | D:3      | Reached skill level 1 in Fighting
  2267 | D:3      | Reached XP level 5. HP: 20/37 MP: 2/8
  2271 | D:3      | Learned a level 3 spell: Summon Guardian Golem
  2411 | D:3      | Found a shadowy altar of Dithmenos.
  2610 | D:3      | Found Hasoan's Assorted Antiques.
  2653 | D:3      | Reached * piety under Sif Muna
  2654 | D:3      | Reached skill level 1 in Dodging
  2671 | D:3      | Bought a brass ring for 100 gold pieces
  2774 | D:3      | Reached skill level 1 in Maces & Flails
  2839 | D:3      | Reached XP level 6. HP: 40/43 MP: 7/9
  3151 | D:3      | Found a shimmering blue altar of Sif Muna.
  3414 | D:4      | Noticed a black bear
  3444 | D:4      | Killed a black bear
  3445 | D:4      | Reached XP level 7. HP: 49/49 MP: 4/10
  3620 | D:4      | Found a radiant altar of Vehumet.
  3676 | D:4      | Reached skill level 1 in Axes
  4179 | D:5      | Entered Level 5 of the Dungeon
  4340 | D:5      | Found Kecu Nuch's Antique Weapon Shop.
  4395 | D:5      | Learned a level 3 spell: Ozocubu's Armour
  4478 | D:5      | Found a stormy altar of Qazlal.
  4738 | D:5      | Reached skill level 6 in Summonings
  4738 | D:5      | Reached skill level 1 in Invocations
  4766 | D:5      | Reached skill level 1 in Ice Magic
  4766 | D:5      | Reached XP level 8. HP: 46/57 MP: 0/12
  4779 | D:5      | Noticed Dowan
  4781 | D:5      | Noticed Duvessa
  4796 | D:5      | Killed Duvessa
  4821 | D:5      | Killed Dowan
  5017 | D:5      | Reached skill level 1 in Necromancy
  5208 | D:4      | Lost mutation: You occasionally lose the ability to drink
                  | potions when taking damage. [potion of mutation]
  5208 | D:4      | Lost mutation: You have sharp toenails. [potion of
                  | mutation]
  5208 | D:4      | Gained mutation: Your mind is acute. (Int +4, Str/Dex -1)
                  | [potion of mutation]
  5208 | D:4      | Gained mutation: You occasionally lose the ability to drink
                  | potions when taking damage. [potion of mutation]
  6295 | D:6      | HP: 1/57 [orc/+2 falchion of holy wrath (6)]
  6300 | D:6      | Slain by an orc warrior

Illustrated notes

Levels and vault maps discovered:
D:1:      zaba_arrival_water, layout_loops_cross, nicolae_shop_vocational
D:2:      layout_basic, basic_altar
D:3:      layout_basic, mainiacjoe_overflow_alcove_2, lemuel_blue_sif_altar,
          serial_shops, shop_fountains, hellmonk_ecumenical_altar_lost_god,
          minmay_statues_item, nrook_campfire, minmay_misc_feat_secret_circle,
          uniq_robin
D:4:      layout_loops_ring, vehumet_altar_wand_db
D:5:      layout_layer_cave, grunt_qazlal_clouds, serial_shops,
          nicolae_shop_statue_plus, kennysheep_generic_room_3, uniq_duvessa
D:6:      layout_loops_ring, serial_demonic, serial_demonic_d, serial_demonic_f,
          serial_demonic_a, serial_demonic_b, serial_shops,
          nicolae_shop_statue_plus

Skill      XL: |  1  2  3  4  5  6  7  8 |
---------------+-------------------------+-----
Summonings     | 5 6 |  6.4
Fighting       | 1 2 |  2.7
Spellcasting   | 2 3 |  3.2
Dodging        | 1 2 |  2.7
Maces & Flails | 1 |  1.6
Axes           | 2 |  2.9
Hexes          | 3 |  3.4
Invocations    | 1 2 |  2.1
Ice Magic      | 1 2 |  2.2
Necromancy     | 1 |  1.2
Armour         | |  1.0
Shields        | |  2.0

Action                   |  1- 3 |  4- 6 |  7- 9 || total
-------------------------+-------+-------+-------++-------
Melee: Rapier            |    31 |    18 |       ||    49
       Dagger            |     3 |       |       ||     3
       Club              |       |    24 |       ||    24
       Kick              |       |     8 |    10 ||    18
       Hand axe          |       |       |    90 ||    90
 Cast: Summon Small Mamm |    32 |     4 |     3 ||    39
       Call Imp          |    16 |    17 |    16 ||    49
       Summon Guardian G |       |     2 |    30 ||    32
Evoke: Wand              |       |       |     1 ||     1
  Use: Scroll            |       |     4 |     2 ||     6
       Potion            |       |     1 |     2 ||     3
 Stab: Sleeping          |     1 |       |       ||     1
       Distracted        |       |       |     1 ||     1
Armor: Robe              |     6 |     6 |       ||    12
       Animal skin       |       |     7 |    51 ||    58
Dodge: Dodged            |    22 |    24 |   108 ||   154
Block: Buckler           |     6 |     8 |    36 ||    50

Table legend: (Time is in decaauts)
 A = Elapsed time spent in this place.
 B = Non-inter-level travel time spent in this place.
 C = Inter-level travel time spent in this place.
 D = Time resting spent in this place.
 E = Time spent auto-exploring this place.
 F = Levels seen in this place.
 G = Mean time per level.
                   A        B        C        D        E       F      G
               +--------+--------+--------+--------+--------+-----+--------+
         Total |   6348 |   6146 |    202 |    428 |   4348 |   6 | 1058.0 |
       Dungeon |   6348 |   6146 |    202 |    428 |   4348 |   6 | 1058.0 |
               +--------+--------+--------+--------+--------+-----+--------+

Top non-repeatable levels by time:
     D:5: 1792 daAuts
     D:2: 1260 daAuts
     D:3: 1198 daAuts
     D:4: 1037 daAuts
     D:1: 799 daAuts
     D:6: 261 daAuts
